 Dungeon Crawl Stone Soup version 0.20.1-1-g8b1a95d (webtiles) character file.

127 digijack the Insei (level 5, -3/31 HPs)
             Began as a Tengu Transmuter on Dec 19, 2017.
             Slain by a centaur (9 damage)
             ... on level 3 of the Dungeon.
             The game lasted 00:15:55 (2581 turns).

digijack the Insei (Tengu Transmuter)               Turns: 2581, Time: 00:15:56

Health: -3/31      AC:  6    Str: 13    XL:     5   Next: 11%
Magic:  10/10      EV: 13    Int: 13    God:
Gold:   118        SH:  0    Dex: 16    Spells: 8/9 levels left

rFire    + . .     SeeInvis .     - Unarmed
rCold    . . .     Gourm    .   (no shield)
rNeg     . . .     Faith    .   b - +1 robe
rPois    .         Spirit   .   q - +1 hat
rElec    .         Reflect  .   (no cloak)
rCorr    .         Harm     +   (no gloves)
MR       .....                  (boots unavailable)
Stlth    +++.......             p - amulet of harm
Regen    0.1/turn               j - ring of stealth
MPRegen  0.2/turn               m - +3 ring of strength

@: no status effects
A: beak, talons 3, molten scales 1, fire resistance 1, able to fly 1
a: Fly


You were on level 3 of the Dungeon.
You were not hungry.

You visited 1 branch of the dungeon, and saw 3 of its levels.

You collected 118 gold pieces.

Inventory:

Armour
 b - a +1 robe (worn)
 q - a +1 hat (worn)
Jewellery
 j - a ring of stealth (left hand)
 m - a +3 ring of strength (right hand)
 p - an amulet of harm (around neck)
 t - an uncursed ring of magical power
Scrolls
 h - 4 scrolls of remove curse
 l - 3 scrolls of identify
 n - a scroll of amnesia
 o - a scroll of fear
 r - a scroll of blinking
Potions
 a - a potion of magic
 e - 3 potions of curing
 g - a potion of mutation
Books
 c - a book of Changes

   Spells                             Type                      Level
   a - Beastly Appendage              Transmutation                1
   b - Sticks to Snakes               Transmutation                2
   c - Spider Form                    Transmutation/Poison         3
   d - Ice Form                       Ice/Transmutation            4
   e - Blade Hands                    Transmutation                5
Comestibles
 d - 4 bread rations
 f - 2 meat rations
 i - a fruit
 s - 2 royal jellies


   Skills:
 + Level 2.3 Fighting
 + Level 3.0 Dodging
 + Level 1.3 Stealth
 + Level 3.7 Unarmed Combat
 * Level 2.6 Spellcasting
 * Level 2.2 Transmutations


You had 8 spell levels left.
You knew the following spells:

 Your Spells              Type           Power        Failure   Level  Hunger
a - Beastly Appendage     Tmut           #.....       10%         1    #......


Dungeon Overview and Level Annotations

Branches:
Dungeon (3/15)

Altars:
Dithmenos
Vehumet
Yredelemnul

Annotations:
D:3 othur's ghost, amateur MiFi


Innate Abilities, Weirdness & Mutations

You have a beak for a mouth.
You have claws for feet.
You can fly.
You are partially covered in molten scales. (AC +2)
Your flesh is heat resistant. (rF+)


Message History

There is an open door here.
A centaur comes into view.
The centaur shouts!
The centaur wields a shortbow.
The centaur shoots an arrow.
The arrow hits you!
You see here an arrow.
The centaur shoots an arrow.
The arrow barely misses you.
The centaur shoots an arrow.
The arrow hits you.
You see here an arrow.
The centaur shoots an arrow.
The arrow hits you!
* * * LOW HITPOINT WARNING * * *
The centaur shoots an arrow.
The arrow hits you.
* * * LOW HITPOINT WARNING * * *
You see here 2 arrows.
Casting: Beastly Appendage
Confirm with . or Enter, or press ? or * to list all spells.
Okay, then.
The centaur shoots an arrow.
The arrow misses you.
The centaur unwields an uncursed shortbow.
The centaur hits you!
You die...

........####.......)............
..........##.........#..........
..........###........#).........
..........# #........#..........
....##....###........#..........
.... #...............(..###'###.
........................# #.# #.
......#...#..........(#.###.###.
....###.###...@.((.(.#.+.._###.
....#...#...c......##.###.###.
.. ..._............##.# #.# #.
..#...#.....##...#..###+###. .
.###.###....##...#..........
....#...#.....##...#..........
...............######..........
......####...>...........<.....
...... .######................


You could see a centaur.

Vanquished Creatures
  5 adders
  An ooze (D:2)
  A worm (D:2)
  3 dart slugs
  2 leopard geckos
  An orc (D:3)
  2 ball pythons (D:2)
  3 giant cockroaches
  5 goblins
  9 hobgoblins
  7 jackals
  3 quokkas
  7 bats
  A frilled lizard (D:1)
  9 kobolds
  2 rats
61 creatures vanquished.

Notes
Turn   | Place    | Note
-------+----------+-------------------------------------------
     0 | D:1      | digijack the Tengu Transmuter began the quest for the Orb.
     0 | D:1      | Reached XP level 1. HP: 12/12 MP: 4/4
   111 | D:1      | Gained mutation: You are partially covered in molten scales. (AC +2) [potion of mutation]
   111 | D:1      | Gained mutation: Your flesh is heat resistant. (rF+) [potion of mutation]
   403 | D:1      | Reached XP level 2. HP: 16/16 MP: 4/6
   554 | D:1      | Learned a level 2 spell: Sticks to Snakes
   672 | D:1      | Reached skill level 1 in Stealth
  1012 | D:2      | Reached XP level 3. HP: 13/20 MP: 7/7
  1589 | D:2      | Reached XP level 4. HP: 23/26 MP: 6/8
  2065 | D:3      | Found a radiant altar of Vehumet.
  2188 | D:3      | Gained mutation: You can fly. [Tengu growth]
  2188 | D:3      | Reached XP level 5. HP: 20/30 MP: 8/10
  2192 | D:3      | Found a shadowy altar of Dithmenos.
  2364 | D:3      | Noticed othur's ghost (amateur MiFi)
  2424 | D:3      | Found a basalt altar of Yredelemnul.
  2576 | D:3      | Noticed a centaur
  2581 | D:3      | Slain by a centaur

Skill      XL: |  1  2  3  4 |
---------------+-------------+-----
Stealth        | 1 |  1.3
Transmutations | 2 |  2.2
Fighting       | 2 |  2.3
Dodging        | 3 |  3.0
Unarmed Combat | |  3.7
Spellcasting   | |  2.6

Action                   |  1- 3 |  4- 6 || total
-------------------------+-------+-------++-------
Melee: Unarmed           |    78 |    67 ||   145
       Kick              |    18 |    19 ||    37
       Peck              |     9 |     5 ||    14
       Punch             |     3 |       ||     3
       Headbutt          |     7 |     7 ||    14
 Cast: Beastly Appendage |    15 |    16 ||    31
       Sticks to Snakes  |     1 |       ||     1
  Use: Scroll            |     6 |     3 ||     9
       Potion            |     4 |       ||     4
 Stab: Sleeping          |     2 |     4 ||     6
  Eat: Bread ration      |     1 |       ||     1
       Chunk             |       |     2 ||     2
Armor: Robe              |    24 |    11 ||    35
Dodge: Dodged            |    56 |    30 ||    86
